 Dungeon Crawl Stone Soup version 0.26.1-2-gb8aa6d0 (webtiles) character file.

Game seed: 11330743443310360525

55 Geeful the Grave Robber (level 3, -1/24 HPs)
             Began as a Demonspawn Necromancer on June 30, 2021.
             Slain by an iguana (14 damage)
             ... on level 4 of the Dungeon.
             The game lasted 00:06:04 (2090 turns).

Geeful the Grave Robber (Demonspawn Necromancer)    Turns: 2090, Time: 00:06:04

Health: -1/24      AC:  3    Str:  8    XL:     3   Next: 67%
Magic:  3/6        EV: 12    Int: 17    God:
Gold:   73         SH:  0    Dex: 13    Spells: 5/6 levels left

rFire    . . .     SeeInvis .   a - +1 dagger (venom)
rCold    . . .     Faith    .   (no shield)
rNeg     . . .     Spirit   .   j - +1 robe
rPois    .         Reflect  .   (no helmet)
rElec    .         Harm     .   (no cloak)
rCorr    .         Rampage  .   (no gloves)
Will     .....                  (no boots)
Stlth    ++........             (no amulet)
HPRegen  0.08/turn              (no ring)
MPRegen  0.10/turn              (no ring)

@: lethally poisoned (-1 -> -5)
A: claws 1, miasma immunity
a: no special abilities


You were on level 4 of the Dungeon.
You visited 1 branch of the dungeon, and saw 4 of its levels.

You collected 73 gold pieces.

Inventory:

Hand Weapons
 a - a +1 dagger of venom (weapon)
 b - a +2 dagger of protection
Armour
 j - a +1 robe (worn)
 m - a +0 buckler
Jewellery
 k - an uncursed ring of fire
Scrolls
 c - a scroll of teleportation
 d - a scroll of identify
 e - 2 scrolls of remove curse
Potions
 g - 3 potions of curing
 h - a potion of invisibility {unknown}
 i - 2 potions of attraction {unknown}
 l - 2 potions of haste
 n - 2 potions of lignification
 o - a potion of berserk rage {unknown}


   Skills:
 - Level 2.2 Dodging
 - Level 2.3 Stealth
 + Level 1.2 Shields
 - Level 2.4 Spellcasting
 - Level 4.7 Necromancy


You had 5 spell levels left.
You knew the following spells:

 Your Spells              Type           Power        Failure   Level
a - Pain                  Necr           72%          2%          1

Your spell library contained the following spells:

 Spells                   Type           Power        Failure   Level
 Animate Skeleton         Necr           36%          2%          1
 Vampiric Draining        Necr           9%           8%          3
 Animate Dead             Necr           9%           26%         4
 Agony                    Necr           18%          58%         5


Dungeon Overview and Level Annotations

Branches:
Dungeon (4/15)
 Temple: D:4-7

Altars:
Trog


Innate Abilities, Weirdness & Mutations

You have sharp fingernails.
You are immune to miasma.


Message History

The adder writhes in agony.
The adder bites you.
You are poisoned.
The adder poisons you!
You barely miss the adder.
The adder is severely wounded.
You feel sick. The adder barely misses you.
You hit the adder.
You kill the adder!
Your Shields skill increases to level 1!
You hit the iguana.
The iguana is poisoned.
The iguana is lightly wounded.
The iguana bites you.
You barely miss the iguana.
The iguana is lightly wounded.
You feel sick. The iguana barely misses you.
You hit the iguana.
The iguana looks as sick as possible!
The iguana is lightly wounded.
The iguana bites you!
Ouch! That really hurt!
You die...

#.#.## ##.#####........###
#.##.####......'<..........
#.........######...........
#####.#..#######...........
#.##.......#.[......###
#.##.......#........#
#.##.......+........#
#.##.......#........#
#.#######@##........# #.#
#l####+#+#### #.# #.# #.#
..# ... ###


You could see an iguana (extremely poisoned).

Vanquished Creatures
  2 adders
  2 worms (D:2)
  A dart slug (D:2)
  2 giant cockroaches (D:1)
  A goblin (D:1)
  4 hobgoblins
  3 kobolds
  2 quokkas (D:2)
  7 bats
  4 frilled lizards
  A rat (D:1)
29 creatures vanquished.

Notes
Turn   | Place    | Note
-------+----------+-------------------------------------------
     0 | D:1      | Geeful the Demonspawn Necromancer began the quest for the
                  | Orb.
     0 | D:1      | Reached XP level 1. HP: 13/13 MP: 3/3
   329 | D:1      | Gained mutation: You have sharp fingernails. [demonic
                  | ancestry]
   329 | D:1      | Reached XP level 2. HP: 14/19 MP: 0/5
   947 | D:2      | Gained mutation: You are immune to miasma. [demonic
                  | ancestry]
   947 | D:2      | Reached XP level 3. HP: 13/24 MP: 0/6
  1569 | D:2      | Found a bloodstained altar of Trog.
  2088 | D:4      | Reached skill level 1 in Shields
  2090 | D:4      | Slain by an iguana

Illustrated notes

Levels and vault maps discovered:
D:1:      dpeg_arrival_tiny_a, layout_rooms
D:2:      layout_loops_ring, marbit_many_paths
D:3:      layout_basic, gammafunk_temple_overflow_wave,
          chequers_temple_overflow_statue_of_worship, uniq_purgy
D:4:      kennysheep_goblin_castle, layout_basic, chei_slow_surprise

Skill      XL: |  1  2  3 |
---------------+----------+-----
Stealth        | 2 |  2.3
Dodging        | 2 |  2.2
Shields        | 1 |  1.2
Spellcasting   | |  2.4
Necromancy     | |  4.7

Action                   || total
-------------------------++-------
Melee: Dagger            ||    29
 Cast: Pain              ||    46
  Use: Scroll            ||     9
 Stab: Sleeping          ||     1
Armor: Robe              ||     2
Dodge: Dodged            ||    20
